 Dungeon Crawl Stone Soup version 0.13-b1-33-g94b2e5f (webtiles) character file.

1194 Lilouch the Skirmisher (level 7, -1/55 HPs)
             Began as a Mummy Fighter on Oct 7, 2013.
             Shot with an arrow by a centaur warrior (12 damage)
             ... on Level 4 of the Dungeon.
             The game lasted 01:03:27 (33707 turns).

Lilouch the Skirmisher (Mummy Fighter)             Turns: 33707, Time: 01:03:27

HP  -1/55        AC 15     Str 21      XL: 7   Next: 91%
MP   6/6         EV  3     Int  7      God:
Gold 237         SH 19     Dex 11      Spells:  0 memorised,  6 levels left

Res.Fire  : x . .   See Invis. : .   a - +0 hand axe {=f}
Res.Cold  : + . .   Warding    : .   u - +1 dwarf plate armour
Life Prot.: + + +   Conserve   : .   c - +0 shield
Res.Poison: +       Res.Corr.  : .   (no helmet)
Res.Elec. : .       Clarity    : .   l - +0 cloak
Sust.Abil.: . .     Spirit.Shd : .   (no gloves)
Res.Mut.  : .       Stasis     : .   (no boots)
Res.Rott. : +       Flight     : .   (no amulet)
Saprovore : . . .                    (no ring)
                                     j - ring of protection from magic {unknown}

@: quite resistant to hostile enchantments, extremely unstealthy
A: no food or potions, fire vulnerability, restore body, cold resistance 1, life
protection 3, poison resistance, torment resistance, unbreathing
a: no special abilities


You were on level 4 of the Dungeon.
You were not hungry.

You visited 1 branch of the dungeon, and saw 5 of its levels.
You also visited: Sewer.

You collected 217 gold pieces.

Inventory:

Hand weapons
 a - a +0,+0 hand axe (weapon) {=f}
 w - a cursed -3,-2 dagger
 x - a +0,+0 halberd
 C - a cursed -1,-1 orcish trident
 N - a +0,+0 falchion
 Q - a +2,+0 dagger of draining
 R - a cursed -1,+0 orcish flail
Missiles
 h - 31 poisoned needles
 m - 10 silver sling bullets
 p - 65 darts (quivered)
 t - 40 sling bullets
 v - 14 exploding sling bullets
 E - 4 curare-tipped needles
 M - 7 needles of sleeping
 Z - 22 stones
Armour
 c - a +0 shield (worn)
 l - a +0 cloak (worn)
 u - a +1 dwarven plate armour (worn)
Comestibles
 f - 2 meat rations
 n - 2 chokos
 z - 4 bread rations
 A - a cheese
 G - 2 pears
 T - an apple
Scrolls
 b - 2 scrolls of recharging {unknown}
 e - 3 scrolls of enchant weapon II {unknown}
 g - 3 scrolls of enchant weapon I {unknown}
 k - 4 scrolls of blinking {unknown}
 o - 4 scrolls of magic mapping {unknown}
 q - a scroll of enchant armour {unknown}
 s - 3 scrolls of fear {unknown}
 y - 8 scrolls of identify {unknown}
 B - 2 scrolls of curse weapon {unknown}
 D - 2 scrolls of amnesia {unknown}
 F - 2 scrolls of teleportation {unknown}
 I - a scroll of fog {unknown}
 L - a scroll of random uselessness {unknown}
Jewellery
 j - a ring of protection from magic (left hand) {unknown}
 S - an uncursed amulet of rage
Potions
 d - a potion of magic {unknown}
 i - 2 potions of agility {unknown}
 r - a potion of restore abilities {unknown}
 H - 2 potions of might {unknown}
 J - a potion of degeneration {unknown}
 K - a potion of mutation {unknown}
 P - a potion of paralysis {unknown}
 U - a potion of invisibility {unknown}
 X - 2 potions of curing {unknown}
 Y - a potion of brilliance {unknown}


   Skills:
 * Level 5.0 Fighting
 + Level 4.6 Axes
 + Level 4.5 Armour
 - Level 0.5 Dodging
 + Level 4.0 Shields


You had 6 spell levels left.
You didn't know any spells.

Dungeon Overview and Level Annotations

Branches:
Dungeon (5/27)             Temple (0/1) D:5

Altars:


Innate Abilities, Weirdness & Mutations

You do not eat or drink.
Your flesh is vulnerable to fire.
Your flesh is cold resistant.
You are immune to negative energy.
Your system is resistant to poisons.
You are immune to unholy pain and torment.
You can survive without breathing.


Message History

The centaur warrior shouts!
The centaur warrior unwields an uncursed longbow.
You block the centaur warrior's attack.
There is a stone staircase leading down here.
Things that are here:
2 arrows; an orcish club The centaur warrior hits you but does no damage.
The giant mite bites you but does no damage.
You climb downwards.
A giant cockroach comes into view.
The ogre hits you with a giant club!
* * * LOW HITPOINT WARNING * * *
There is a stone staircase leading up here.
You see here a club.
You block the centaur warrior's attack.
The giant mite bites you but does no damage.
You block the hobgoblin's attack.
The centaur warrior wields an uncursed longbow.
The centaur warrior shoots an arrow.
The arrow hits you!
You die...

.................................
.%...............................
#####...##...###s..#...##.####...
# #.####...###.................
#####.#...####....##.####...##...
.................................
#######......#...c##.####....####
####...#....O..........#
#...###@s##.#####...# #####
#..g#.# ##### #...#O# #...#.##
#......# #......### #........#
#.......># ######.####...#


You could see a centaur warrior, an ogre, a giant mite, a giant cockroach and a
hobgoblin.

Vanquished Creatures
  A phantom (D:3)
  An ogre (D:3)
  A giant slug (Sewer)
  2 crimson imps (D:5)
  A hound (D:4)
  An orc priest (D:3)
  2 scorpions
  A worker ant (D:5)
  A giant frog skeleton (D:3)
  3 orc wizards
  A big kobold zombie (D:1)
  A sky beast zombie (D:5)
  Ijyb (D:3)
  A hound skeleton (D:4)
  5 gnolls
  2 green rats (D:3)
  13 adders
  A giant mite (D:3)
  2 worms (D:3)
  An adder skeleton (D:4)
  2 grey rats (D:3)
  A giant eyeball (D:5)
  An ooze (D:1)
  11 orcs
  3 ball pythons
  6 giant cockroaches
  11 goblins
  18 hobgoblins
  8 jackals
  5 quokkas
  14 bats
  4 giant geckos
  7 giant newts
  A jackal skeleton (D:5)
  12 kobolds
  18 rats
  3 plants (D:4)
167 creatures vanquished.

Vanquished Creatures (others)
  2 plants (D:4)
2 creatures vanquished.

Grand Total: 169 creatures vanquished

Notes
Turn   | Place    | Note
--------------------------------------------------------------
     0 | D:1      | Lilouch, the Mummy Fighter, began the quest for the Orb.
     0 | D:1      | Reached XP level 1. HP: 18/18 MP: 0/0
   506 | D:1      | Reached XP level 2. HP: 22/24 MP: 1/1
  1166 | D:2      | Reached XP level 3. HP: 23/30 MP: 2/2
  6501 | D:1      | Reached XP level 4. HP: 36/36 MP: 3/3
  9828 | D:1      | Noticed a deep troll shaman
 10269 | D:1      | Noticed a deep troll shaman
 10607 | D:1      | Noticed a deep troll earth mage
 10640 | D:1      | Noticed a deep troll earth mage
 10640 | D:1      | Noticed a deep troll
 10647 | D:2      | epsilon: а я вижу
 10742 | D:2      | epsilon: )
 10742 | D:2      | Lilouch: ))
 10770 | D:1      | epsilon: поганые противники на твоем уровне
 10793 | D:2      | epsilon: измором и кайтом не взять
 10793 | D:2      | epsilon: у них скорость регена дикая
 10793 | D:2      | Lilouch: они на 1 уровне)
 10793 | D:2      | Lilouch: я ток начал
 10793 | D:2      | Lilouch: у мя была мумия 6го
 10793 | D:2      | epsilon: и рядомс шаманами не шляйся
 10793 | D:2      | Lilouch: я пол часа кайтил зигмунда и большого огра
 10793 | D:2      | epsilon: он может стенку сломать и тебя накроет нах
 10793 | D:2      | Lilouch: у мя даже был спектатор один)
 10793 | D:2      | Lilouch: какойто зорг или зорф
 10793 | D:2      | Lilouch: сдох от килер бии какойто(
 10793 | D:2      | Lilouch: или двух-непомню уже
 11081 | D:2      | Reached XP level 5. HP: 39/42 MP: 4/4
 11237 | D:3      | Noticed a phantom
 11567 | D:3      | Killed a phantom
 11640 | D:3      | Noticed Ijyb
 11677 | D:3      | Killed Ijyb
 11677 | D:3      | Reached XP level 6. HP: 37/48 MP: 5/5
 12197 | D:3      | Found a glowing drain.
 12203 | Sewer    | Entered a sewer
 12286 | Sewer    | Lilouch: как бить халбертом на 2 клетки?)
 12286 | Sewer    | epsilon: v
 12286 | Sewer    | epsilon: маленькая
 12306 | Sewer    | Reached skill level 4 in Armour
 14296 | Sewer    | Lilouch: если сдесь ждать-чтото появится?
 14296 | Sewer    | Lilouch: ))
 22338 | D:3      | Reached XP level 7. HP: 52/54 MP: 6/6
 22893 | D:3      | epsilon: топоры и щиты не лучшее сочетание, кстати
 22895 | D:3      | Lilouch: ага я уже понял
 22895 | D:3      | Lilouch: но с ними я хотяб бы живу
 22895 | D:3      | epsilon: да нет, не понял
 22895 | D:3      | epsilon: просто высокоуровневые топоры - двуручники
 22895 | D:3      | Lilouch: а у меня синерджи на мейсы вроде
 22895 | D:3      | Lilouch: ща
 22895 | D:3      | epsilon: у тебя будет, по-моему, только ещё один одноручный топор, потом пойдут двуручники
 22895 | D:3      | Lilouch: вот смотри
 22895 | D:3      | Lilouch: мейсы и флейлы какието
 22895 | D:3      | epsilon: ну, всё равно опыт впустую
 22895 | D:3      | Lilouch: че не кул замена?
 22895 | D:3      | epsilon: норм
 22895 | D:3      | epsilon: но опыт впустую
 22895 | D:3      | Lilouch: хм думаю если найду такую же палку или получше-переодену
 22896 | D:3      | epsilon: кроме того, реально топовая мейса она для агильников
 22902 | D:3      | epsilon: хлыст демонический
 22902 | D:3      | Lilouch: да я сдохну не дойдя до топой вещи)
 22902 | D:3      | epsilon: хотя на силу тоже неплохая
 22902 | D:3      | epsilon: мечи как-то универсальнее
 22902 | D:3      | Lilouch: нету ваще мечей\
 22902 | D:3      | Lilouch: не падали кроме самых первых
 23931 | D:3      | epsilon: у твоего класса сразу доступен фальшион
 23931 | D:3      | epsilon: он раза в полтора лучше чем топор
 23931 | D:3      | Lilouch: по началу ?
 23931 | D:3      | epsilon: да
 23931 | D:3      | Lilouch: хм ну оке-сдохну-начну с мечом
 23931 | D:3      | Lilouch: ))
 25963 | D:3      | epsilon: топоры хороши, если гонять с двуручником. Для щита лучше брать меч, дубинку или полеарму
 25963 | D:3      | Lilouch: а минусы двуруч топоро?
 25963 | D:3      | Lilouch: качать уворот + армор тока?
 25963 | D:3      | epsilon: ну, медленные, косые, редкие
 25963 | D:3      | Lilouch: а щиты не качать
 25963 | D:3      | epsilon: угу
 25963 | D:3      | Lilouch: не нафиг-буду гонять тада или с мейсой по синерджи или с тем же топором
 25963 | D:3      | Lilouch: щит тащит хз
 25968 | D:3      | epsilon: Зато дикий урон + АоЕ
 26185 | D:3      | Lilouch: аое и так у меня есть
 26185 | D:3      | Lilouch: у мя ж топор
 26406 | D:3      | Lilouch: как думаеш убью?\
 26406 | D:3      | epsilon: угу
 26406 | D:3      | Lilouch: в прошлый раз у мя вмиг хп слетели
 26406 | D:3      | epsilon: у тебя сейчас 54 хп и 15 АЦ
 26406 | D:3      | epsilon: он бьёт максимум на 20
 26406 | D:3      | epsilon: ты его не убьёшь, только если тебя рандом ненавидит
 26406 | D:3      | Lilouch: а он меня недолюбливает если честно
 26406 | D:3      | Lilouch: ))
 26406 | D:3      | Lilouch: лана все равно начинать надо с свордов...
 26418 | D:3      | epsilon: ты ещё не видел, что такое в рогаликах недолюбливающий рандом
 26418 | D:3      | Lilouch: ))
 27141 | D:3      | Noticed a deep troll
 27143 | D:4      | Lilouch: этого я бы точно не убил
 27206 | D:4      | epsilon: мейсы неплохой вариант, если делать упор на силу. Но по статам они мечам проигрывают, если мне память не изменяет
 28736 | D:3      | Lilouch: и где мои мечи?
 28736 | D:3      | Lilouch: или шорт сворд относится всетаки к кинжалам?
 28736 | D:3      | epsilon: шорт это шорт
 28736 | D:3      | epsilon: длинные с фальшна начинаются
 28736 | D:3      | Lilouch: они тоже одноручные?
 28736 | D:3      | epsilon: да
 28736 | D:3      | Lilouch: плин
 28736 | D:3      | Lilouch: а у них синерджи с шортами да?
 28736 | D:3      | epsilon: да
 28736 | D:3      | Lilouch: или еще с кем
 28736 | D:3      | epsilon: и тока с ними
 28736 | D:3      | Lilouch: оке
 28736 | D:3      | epsilon: кстати, топовая мэйса опционально может даже получше быть
 28736 | D:3      | epsilon: успокойся
 28736 | D:3      | epsilon: нет смысла перекачивать
 28736 | D:3      | epsilon: тем более за мумию
 28736 | D:3      | epsilon: угробишь перса
 28736 | D:3      | Lilouch: плин мне не топовая нужна)
 28736 | D:3      | Lilouch: а средняя что я могу найти
 28736 | D:3      | Lilouch: или типа
 28736 | D:3      | epsilon: не топовые мэйсы тоже норм
 28736 | D:3      | Lilouch: когда найду тада и перекачаюсь если что?
 28736 | D:3      | epsilon: стартуешь с фигней, но снять можешь уже с орков что-то получше
 28736 | D:3      | epsilon: в мечи не перекачивайся
 28736 | D:3      | epsilon: разве что артефакт найдешь какой-нибудь
 28736 | D:3      | Lilouch: лана -тада ищем мейсы если что
 29678 | D:3      | Noticed a centaur warrior
 29678 | D:3      | epsilon: ну, у тебя есть ещё один топор в запасе
 29678 | D:3      | epsilon: драпай
 29678 | D:3      | epsilon: он тебя за пару ходов пристрелит
 29787 | D:4      | epsilon: видишь - не вру )
 29788 | D:4      | Lilouch: я стоял на открытом
 29788 | D:4      | Lilouch: негде там спрятатся(
 29788 | D:4      | Lilouch: тупой уровень
 29788 | D:4      | epsilon: он и вблизи тебя наваляет
 29791 | D:5      | Entered Level 5 of the Dungeon
 29793 | D:5      | epsilon: ты бы пол хп слил, пока за угол заворачивал
 29895 | D:5      | epsilon: меч убери, не позорься
 29929 | D:5      | Lilouch: тупо забыл епт
 30145 | D:5      | Paralysed by a giant eyeball for 3 turns
 30397 | D:5      | Found a staircase to the Ecumenical Temple.
 31356 | D:4      | epsilon: зомби - мясо
 31456 | D:4      | epsilon: не бойся их, они по этажам не ходят
 31456 | D:4      | Lilouch: точно?там вроде написано было что ходят
 31697 | D:4      | epsilon: опасаться есть смысл, если это зомби какой-то шустрой твари
 31851 | D:4      | epsilon: пчелы, допустим
 31851 | D:4      | Lilouch: килер бии
 31851 | D:4      | Lilouch: видел таких
 32447 | D:5      | epsilon: вот сам подумай, много у кого тут написано, что оно де "ходит по этажам"?
 32449 | D:4      | epsilon: зомби рыб + полеарма = халявная экспа
 32449 | D:4      | Lilouch: у некоторых встречал
 32449 | D:4      | epsilon: они под воду не ныкаются
 32449 | D:4      | epsilon: я подскажу: "ни у кого"
 32449 | D:4      | Lilouch: ъ))))
 33286 | D:4      | epsilon: есть только запись о том, что существо не может пользоваться лесницами
 33463 | D:4      | epsilon: это зомби, скелеты и призраки игроков
 33576 | D:4      | Reached skill level 5 in Fighting
 33653 | D:4      | Lilouch: убью?
 33653 | D:4      | Lilouch: или меня
 33704 | D:3      | epsilon: )
 33706 | D:4      | epsilon: покеда
 33707 | D:4      | Shot with an arrow by a centaur warrior

Action                   |  1- 3 |  4- 6 |  7- 9 || total
-------------------------+-------+-------+-------++-------
Melee: Hand axe          |   129 |   427 |   618 ||  1174
       Halberd           |       |     8 |       ||     8
       Short sword       |       |       |    55 ||    55
Throw: Dart              |       |    64 |       ||    64
       Dagger            |       |     1 |       ||     1
